Map: Triton LE

Players

MikeHawk - Winner!

  • Race: Terran Terran
  • League: Master
  • Spawn Location: 11:00

FireFly

  • Race: Terran Terran
  • League: Master
  • Spawn Location: 5:00

VOD

Have the link to the VOD?

Description

Time

  • Played on: Dec. 18, 2019, 2:19 p.m.
  • Length: 10:01
Show
View Real Time Build Order
Export as new Build Order

MikeHawk Terran - Winner!

Build Orders: Gas First Reaper Expand 

Get SALT Encoding   

  12  0:01  SCV  
  13  0:13  SCV  
  14  0:18  Supply Depot  
  14  0:25  SCV  
  15  0:31  Refinery  
  15  0:40  SCV  
  16  0:45  Barracks  
  16  0:52  SCV  
  17  1:04  SCV  
  18  1:16  SCV  
  19  1:32  Orbital Command, Reaper  
  20  1:44  Command Center  
  20  1:56  Factory  
  20  1:58  SCV  
  21  2:07  Barracks Reactor  
  21  2:10  SCV  
  21  2:12  Supply Depot  
  21  2:14  Refinery  
  22  2:23  SCV  
  23  2:35  SCV  
  24  2:43  Hellion  
  24  2:44  Marine x2, Starport  
  26  2:47  SCV  
  29  2:57  Orbital Command  
  29  2:59  SCV  
  29  3:02  Marine x2  
  32  3:07  Hellion  
  32  3:11  SCV  
  35  3:20  Marine x2  
  35  3:21  Starport Tech Lab  
  35  3:22  SCV  
  35  3:23  SCV  
  39  3:28  Supply Depot  
  39  3:29  Factory Tech Lab  
  39  3:34  SCV  
  39  3:35  SCV  
  39  3:39  Marine  
  39  3:40  Marine  
  43  3:43  Raven  
  43  3:48  SCV  
  46  3:49  SCV  
  46  3:50  Supply Depot  
  46  3:51  Siege Tank  
  50  3:57  Marine x2  
  50  4:00  SCV  
  50  4:02  SCV  
  54  4:12  SCV  
  54  4:13  Supply Depot  
  54  4:14  SCV  
  55  4:24  SCV  
  55  4:25  Siege Tank, Refinery  
  55  4:26  SCV  
  60  4:34  Viking  
  60  4:35  Marine  
  60  4:36  SCV  
  60  4:38  SCV, Supply Depot  
  65  4:41  Viking  
  67  4:48  Command Center  
  67  4:51  SCV x2  
  69  4:54  Marine  
  70  5:02  Siege Tank  
  70  5:03  SCV x2  
  70  5:05  Supply Depot  
  75  5:09  Viking  
  75  5:13  Refinery  
  77  5:15  Marine  
  78  5:22  SCV x2, Viking  
  82  5:29  Barracks  
  82  5:30  Stimpack  
  82  5:31  Barracks  
  82  5:34  SCV x2, Marine  
  85  5:46  SCV x2  
  85  5:48  Engineering Bay  
  87  5:50  Engineering Bay, Siege Tank  
  90  5:57  Viking x2  
  90  5:59  SCV  
  90  6:00  SCV  
  96  6:04  Orbital Command  
  96  6:11  SCV  
  96  6:12  SCV, Marine  
  99  6:23  Barracks Reactor  
  99  6:24  Barracks Reactor, SCV, Siege Tank  
  99  6:25  SCV  
  104  6:31  SCV  
  105  6:35  Barracks  
  105  6:36  Barracks, SCV  
  105  6:37  SCV  
  105  6:38  Terran Infantry Weapons Level 1, Terran Infantry Armor Level 1  
  107  6:43  SCV  
  108  6:48  SCV  
  108  6:52  Supply Depot  
  108  6:53  SCV, Supply Depot  
  112  6:55  SCV  
  112  6:56  Medivac x2  
  112  7:00  Marauder  
  117  7:01  Marine x2  
  117  7:08  Refinery  
  117  7:09  Refinery  
  117  7:10  Combat Shield, Supply Depot  
  117  7:12  Supply Depot  
  117  7:14  SCV x2, Marine x2  
  121  7:16  SCV  
  121  7:21  Marauder  
  124  7:26  SCV x2, Barracks Tech Lab  
  126  7:31  SCV  
  126  7:32  Starport  
  127  7:37  Barracks  
  127  7:38  SCV x2, Factory Reactor  
  127  7:39  Viking x2  
  127  7:40  Barracks  
  127  7:43  Barracks  
  133  7:46  Marauder  
  133  7:50  Supply Depot  
  135  7:52  Supply Depot  
  135  7:54  Marauder x2  
  139  8:00  Marine x4  
  139  8:01  Concussive Shells  
  143  8:08  Armory  
  143  8:09  Viking x2  
  147  8:17  Marauder x3  
  153  8:22  Supply Depot  
  153  8:23  Viking x2  
  157  8:29  Barracks Reactor, Supply Depot, Barracks Tech Lab x2  
  157  8:39  Viking x2  
  161  8:45  Marauder x3  
  167  8:48  Marine x2  
  167  8:49  Marine x2  
  167  8:51  Marauder x2  
  167  8:53  Viking x2  
  179  8:57  Supply Depot x2  
  179  8:58  Supply Depot  
  176  9:16  Marauder  
  178  9:19  Marauder x2  
  178  9:22  Marauder x2, Marine x5  
  178  9:23  Marine  
  191  9:37  Marauder  
Show
View Real Time Build Order
Export as new Build Order

FireFly Terran 

Build Orders: Reaper Expand 

Get SALT Encoding   

  12  0:00  SCV  
  13  0:13  SCV  
  14  0:17  Supply Depot  
  14  0:25  SCV  
  15  0:38  SCV  
  15  0:40  Barracks  
  16  0:45  Refinery  
  16  0:50  SCV  
  17  1:02  SCV  
  18  1:14  SCV  
  19  1:27  Orbital Command  
  19  1:28  Reaper  
  20  1:45  Command Center  
  20  1:53  SCV  
  21  2:01  Supply Depot  
  21  2:05  SCV  
  22  2:14  Marine  
  23  2:19  Factory  
  23  2:23  SCV  
  23  2:24  Refinery  
  24  2:34  Marine  
  24  2:35  SCV  
  26  2:48  SCV  
  27  2:54  Barracks Reactor  
  27  2:56  Orbital Command  
  27  3:01  SCV  
  27  3:03  Factory Tech Lab  
  28  3:08  Starport  
  28  3:11  Supply Depot  
  28  3:13  SCV  
  28  3:18  Engineering Bay  
  29  3:22  SCV  
  29  3:23  Siege Tank  
  29  3:25  SCV  
  34  3:34  SCV  
  34  3:37  SCV  
  36  3:47  SCV  
  36  3:49  SCV  
  36  3:52  Missile Turret x2  
  37  3:56  Siege Tank  
  37  3:59  SCV  
  37  4:01  SCV  
  42  4:11  SCV  
  42  4:23  Viking x2  
  46  4:25  SCV x2  
  46  4:28  Supply Depot  
  46  4:30  Refinery  
  48  4:36  Siege Tank  
  48  4:37  SCV x2, Supply Depot  
  53  4:45  Supply Depot x2  
  53  4:49  SCV  
  53  4:50  SCV  
  55  4:53  Refinery  
  55  4:56  Viking  
  57  5:00  Supply Depot  
  57  5:01  SCV  
  57  5:02  SCV, Viking  
  61  5:13  SCV  
  61  5:14  SCV  
  63  5:26  SCV x2, Viking, Supply Depot  
  67  5:30  Command Center  
  67  5:32  Viking  
  69  5:37  Siege Tank  
  71  5:51  Barracks Reactor  
  71  5:52  Factory  
  71  5:56  Viking  
  73  6:01  Viking  
  75  6:09  SCV x2  
  77  6:11  Siege Tank  
  80  6:23  Liberator  
  80  6:26  Viking  
  84  6:34  Supply Depot  
  84  6:37  Supply Depot  
  84  6:43  Siege Tank  
  88  6:47  Hellion x2  
  92  6:55  Command Center  
  92  7:11  Viking  
  92  7:13  Supply Depot  
  94  7:15  Siege Tank  
  97  7:23  Viking  
  97  7:25  Planetary Fortress  
  97  7:26  SCV x2  
  101  7:30  Hellion x2  
  101  7:33  Command Center  
  101  7:35  Infernal Pre-Igniter, Command Center  
  105  7:37  Supply Depot  
  105  7:39  SCV  
  106  7:52  Missile Turret  
  106  7:57  Refinery  
  106  7:59  Refinery  
  106  8:00  Missile Turret, Armory  
  106  8:01  Armory x2  
  106  8:03  Hellion x3  
  112  8:06  Supply Depot  
  112  8:07  SCV  
  113  8:14  Missile Turret  
  113  8:16  Orbital Command  
  113  8:22  Missile Turret  
  113  8:24  Missile Turret  
  113  8:31  SCV x2  
  115  8:37  Missile Turret, Hellion  
  115  8:38  Siege Tank, Viking x2, Hellion  
  126  8:41  Supply Depot  
  126  8:48  Orbital Command  
  126  8:50  Orbital Command  
  126  9:10  SCV x2  
  126  9:14  Sensor Tower  
  126  9:15  Hellion x2  
  126  9:16  Viking  
  134  9:18  Supply Depot  
  134  9:29  Viking  
  128  9:38  Hellion  
Tags
 
Add a new tag
Caveats
  • Supply blocks, unpowered buildings, or Contaminate may cause inaccurate times.
  • Supply counts are checked every 10 seconds.